 Dungeon Crawl Stone Soup version 0.21.1-1-g345015f (webtiles) character file.

3164 spiff the Basher (level 9, -1/93 HPs)
             Began as an Ogre Hunter on July 1, 2018.
             Was a Follower of Nemelex Xobeh.
             Killed from afar by RottenKnight's ghost (14 damage)
             ... with a magic dart
             ... on level 7 of the Dungeon.
             The game lasted 00:27:18 (12363 turns).

spiff the Basher (Ogre Hunter)                     Turns: 12363, Time: 00:27:19

Health: -1/93      AC:  4    Str: 21    XL:     9   Next: 94%
Magic:  9/9        EV: 12    Int: 12    God:    Nemelex Xobeh [*.....]
Gold:   402        SH:  0    Dex:  9    Spells: 8/8 levels left

rFire    . . .     SeeInvis .   a - +0 whip (freeze)
rCold    . . .     Gourm    .   (no shield)
rNeg     + . .     Faith    .   j - +1 robe {rN+}
rPois    .         Spirit   .   (helmet restricted)
rElec    .         Reflect  .   (no cloak)
rCorr    .         Harm     .   (gloves unavailable)
MR       +....                  (boots unavailable)
Stlth    +.........             (no amulet)
HPRegen  0.25/turn              u - +1 ring of evasion
MPRegen  0.11/turn              g - ring of protection from magic (curse)

@: lethally poisoned (-1 -> -1)
A: large, unfitting armour, tough skin 1
a: Renounce Religion


You were on level 7 of the Dungeon.
You worshipped Nemelex Xobeh.
Nemelex Xobeh was aware of your devotion.
You were not hungry.

You visited 1 branch of the dungeon, and saw 7 of its levels.
You also visited: Sewer and Ossuary.

You collected 402 gold pieces.

Inventory:

Hand Weapons
 a - a +0 whip of freezing (weapon)
 b - a +1 giant spiked club
Missiles
 c - 4 large rocks (quivered)
 d - 4 throwing nets
Armour
 j - a +1 robe of positive energy (worn)
Jewellery
 g - a cursed ring of protection from magic (right hand)
 o - a +5 ring of intelligence
 r - an uncursed ring of resist corrosion
 s - an uncursed ring of protection from cold
 u - a +1 ring of evasion (left hand)
Wands
 A - a wand of acid (1)
 E - a wand of polymorph (8)
Scrolls
 m - 2 scrolls of remove curse
 v - 2 scrolls of noise
 w - a scroll of amnesia
 x - 2 scrolls of enchant armour
 y - 3 scrolls of magic mapping
 B - 2 scrolls of teleportation
Potions
 e - 3 potions of brilliance
 h - 4 potions of curing
 i - 3 potions of haste
 l - 2 potions of might
 n - 3 potions of lignification
 p - 2 potions of agility {unknown}
 q - a potion of degeneration {unknown}
 z - a potion of ambrosia {unknown}
 D - a potion of cancellation {unknown}
Miscellaneous
 t - a phial of floods (inert)
Comestibles
 f - 7 rations
 k - a chunk of flesh


   Skills:
 - Level 7.0 Fighting
 + Level 9.1 Maces & Flails
 - Level 7.1 Throwing
 - Level 5.0 Dodging
 - Level 0.6 Stealth


You had 8 spell levels left.
You didn't know any spells.

Dungeon Overview and Level Annotations

Branches:
Dungeon (7/15)             Temple (0/1) D:6

Altars:
Elyvilon
Fedhas
Gozag
Nemelex Xobeh
Okawaru
Qazlal
Sif Muna
Uskayaw
Wu Jian
Xom
Yredelemnul

Annotations:
D:6 wojtek's ghost, novice MiFi
D:7 RottenKnight's ghost, novice DrCj


Innate Abilities, Weirdness & Mutations

You are too large for most types of armour.
You have tough skin. (AC +1)


Message History

The worker ant is severely wounded.
The worker ant barely misses you.
You feel sick.
RottenKnight's ghost gestures at you while chanting.
The orb of energy hits the worker ant.
The worker ant dies!
The orb of energy explodes!
The mystic blast hits you!
You hear a shout!
RottenKnight's ghost points at you and mumbles some strange words.
The orb of energy hits you!
RottenKnight's ghost gestures at you while chanting.
The fireball explodes!
The fireball engulfs you!
* * * LOW HITPOINT WARNING * * *
There is an open door here.
You feel sick.
RottenKnight's ghost wails, "You will never get the ORB!"
RottenKnight's ghost gestures at you while chanting.
The magic dart hits you!
You die...
Your body disappears without a glow.

###### ##### #....# ...#
######....########
#.#####.#####................#
......W.†...'@...............+
#..#####.####................#
#.# #................# #.#
#................# #.#
######...........#
#.#########...........#
#...........###.......#
#..####.....# #.......#
#.....# #.......'


You could see RottenKnight's ghost.

Vanquished Creatures
  Sigmund (D:5)
  The ghost of lotte the Magician, an amateur DEWz (D:4)
  Eustachio (D:5)
  Menkaure (D:5)
  Duvessa (D:5)
  A sky beast (D:5)
  5 ogres
  2 centaurs
  A crocodile (Sewer)
  A big kobold (D:7)
  2 elf zombies (Ossuary)
  Dowan (D:5)
  6 killer bees (D:7)
  A scorpion (D:4)
  A howler monkey (D:4)
  A centaur zombie (Ossuary)
  A crimson imp (D:5)
  2 human zombies (Ossuary)
  A hound (D:5)
  A bullfrog skeleton (D:5)
  3 iguanas
  4 worker ants
  A mummy (Ossuary)
  33 gnolls (D:4)
  6 adders
  A shadow imp (D:6)
  An ooze (D:2)
  2 adder skeletons
  A worm (D:3)
  4 dart slugs
  5 leopard geckos
  2 orcs
  10 giant cockroaches
  4 goblins
  3 hobgoblins
  26 jackals
  16 kobolds
  3 quokkas
  7 bats
  8 frilled lizards
  A giant cockroach zombie (D:6)
  7 hobgoblin zombies (Ossuary)
  A jackal skeleton (D:4)
  A jackal zombie (Ossuary)
  7 kobold zombies (Ossuary)
  2 leopard gecko skeletons (D:4)
  8 orc zombies (Ossuary)
  2 quokka skeletons
  7 rats
  A rat zombie (Ossuary)
209 creatures vanquished.

Vanquished Creatures (collateral kills)
  Pikel (D:4)
  A slave (D:4)
  An elf zombie (Ossuary)
  A centaur zombie (Ossuary)
  Ijyb (D:4)
  A mummy (Ossuary)
  A gnoll (D:4)
  A hobgoblin zombie (Ossuary)
  A jackal zombie (Ossuary)
  3 kobold zombies (Ossuary)
  An orc zombie (Ossuary)
  A plant (D:4)
14 creatures vanquished.

Vanquished Creatures (others)
  A worker ant (D:7)
  A gnoll (D:4)
2 creatures vanquished.

Grand Total: 225 creatures vanquished

Notes
Turn   | Place    | Note
-------+----------+-------------------------------------------
     0 | D:1      | spiff the Ogre Hunter began the quest for the Orb.
     0 | D:1      | Reached XP level 1. HP: 22/22 MP: 1/1
   391 | D:1      | Reached XP level 2. HP: 26/31 MP: 2/2
  1138 | D:2      | Reached XP level 3. HP: 13/39 MP: 3/3
  1981 | D:2      | Reached XP level 4. HP: 41/49 MP: 4/4
  2249 | D:3      | Found a shimmering altar of Xom.
  2276 | D:3      | Found a glowing drain.
  2288 | Sewer    | Entered a sewer
  2406 | Sewer    | Noticed a crocodile
  2411 | Sewer    | Killed a crocodile
  2411 | Sewer    | Reached skill level 5 in Fighting
  2411 | Sewer    | Reached skill level 5 in Throwing
  2411 | Sewer    | Reached XP level 5. HP: 36/57 MP: 5/5
  2604 | D:3      | Found an ornate altar of the Wu Jian Council.
  3300 | D:3      | Found a deep blue altar of Sif Muna.
  3561 | D:4      | Noticed Ijyb
  3568 | D:4      | Killed Ijyb
  3921 | D:4      | Reached XP level 6. HP: 60/67 MP: 6/6
  4211 | D:4      | Noticed lotte's ghost (amateur DEWz)
  4829 | D:4      | Reached XP level 7. HP: 15/76 MP: 7/7
  5468 | D:4      | Reached skill level 1 in Maces & Flails
  6107 | D:4      | Found a sparkling altar of Nemelex Xobeh.
  6127 | D:4      | Found a stormy altar of Qazlal.
  6127 | D:4      | Found an opulent altar of Gozag.
  6134 | D:4      | Became a worshipper of Nemelex Xobeh the Trickster
  6324 | D:4      | Reached skill level 2 in Maces & Flails
  6403 | D:4      | Found a white marble altar of Elyvilon.
  6619 | D:4      | Reached XP level 8. HP: 80/87 MP: 8/8
  7057 | D:4      | Killed lotte's ghost
  7361 | D:4      | Reached skill level 3 in Maces & Flails
  7672 | D:4      | Noticed Pikel
  7691 | D:4      | Received a gift from Nemelex Xobeh
  7706 | D:4      | Killed Pikel
  8011 | D:5      | Entered Level 5 of the Dungeon
  8083 | D:5      | Reached skill level 4 in Maces & Flails
  8219 | D:5      | Reached skill level 5 in Dodging
  8371 | D:5      | Found a blossoming altar of Fedhas.
  8486 | D:5      | Noticed Dowan
  8493 | D:5      | Noticed Duvessa
  8501 | D:5      | Noticed Menkaure
  8507 | D:5      | Noticed Sigmund
  8512 | D:5      | Noticed a wyvern
  8512 | D:5      | Noticed a wyvern
  8519 | D:5      | Killed Duvessa
  8519 | D:5      | Reached skill level 5 in Maces & Flails
  8519 | D:5      | Reached XP level 9. HP: 79/93 MP: 9/9
  8523 | D:5      | Killed Menkaure
  8542 | D:5      | Killed Sigmund
  8542 | D:5      | Reached skill level 6 in Maces & Flails
  8544 | D:5      | Killed Dowan
  9031 | D:5      | Found a hide-covered altar of Uskayaw.
  9031 | D:5      | Found a basalt altar of Yredelemnul.
  9545 | D:6      | Found an iron altar of Okawaru.
  9566 | D:6      | Noticed wojtek's ghost (novice MiFi)
  9568 | D:6      | Found a sand-covered staircase.
 10093 | Ossuary  | Entered an ossuary
 10251 | Ossuary  | Reached skill level 7 in Maces & Flails
 10843 | D:6      | Noticed Eustachio
 10870 | D:5      | Killed Eustachio
 10870 | D:5      | Reached skill level 8 in Maces & Flails
 11623 | D:6      | Found a staircase to the Ecumenical Temple.
 12169 | D:7      | Reached skill level 9 in Maces & Flails
 12254 | D:7      | Reached * piety under Nemelex Xobeh
 12354 | D:7      | Noticed RottenKnight's ghost (novice DrCj)
 12363 | D:7      | Killed from afar by RottenKnight's ghost

Skill      XL: |  1  2  3  4  5  6  7  8  9 |
---------------+----------------------------+-----
Fighting       | 3 4 5 6 7 |  7.0
Throwing       | 5 6 7 |  7.1
Dodging        | 2 3 5 |  5.0
Maces & Flails | 2 5 9 |  9.1
Stealth        | |  0.6

Action                   |  1- 3 |  4- 6 |  7- 9 || total
-------------------------+-------+-------+-------++-------
Melee: Short sword       |   105 |   215 |    34 ||   354
       Giant club        |       |     6 |    98 ||   104
       Whip              |       |       |   236 ||   236
       Giant spiked club |       |       |   195 ||   195
Throw: Large rock        |     5 |     9 |     4 ||    18
       Throwing net      |     2 |       |       ||     2
Evoke: Phial of floods   |       |     1 |     1 ||     2
       Deck              |       |       |     6 ||     6
       Wand              |       |       |     4 ||     4
  Use: Potion            |     1 |       |     9 ||    10
       Scroll            |       |     7 |     9 ||    16
 Stab: Sleeping          |       |       |     2 ||     2
       Distracted        |       |       |     1 ||     1
  Eat: Chunk             |     3 |    10 |    15 ||    28
       Ration            |       |       |     3 ||     3
Armor: Robe              |    43 |    80 |   126 ||   249
       Skin              |       |       |    63 ||    63
Dodge: Dodged            |    66 |   180 |   356 ||   602
